 Dungeon Crawl Stone Soup version 0.31.0-32-g396128a36d (webtiles) character file.

Game seed: 17800491421559725275

3080 Kaboulah the Blocker (level 9, -11/75 HPs)
             Began as an Armataur Fighter on Mar 17, 2024.
             Was a Priest of the Shining One.
             Killed by an exploding sun demon (20 damage)
             ... ignited by their inner flame
             ... on level 9 of the Dungeon.
             The game lasted 00:52:21 (6107 turns).

Kaboulah the Blocker (Armataur Fighter)             Turns: 6107, Time: 00:52:24

Health: -11/75     AC: 16    Str: 30    XL:     9   Next: 58%
Magic:  1/12       EV:  7    Int: 27    God:    the Shining One [***...]
Gold:   383        SH: 19    Dex: 12    Spells: 8/8 levels left

rFire   + . .        n - +2 mace of Excruciating Pain {flame, Will+ Str+2 Int+3}
rCold   . . .        c - +0 buckler
rNeg    + . .        C - +4 chain mail of the Transmuting Gods {^Contam rCorr Str+4 Int+10}
rPois   .            v - +0 helmet
rElec   .            e - +0 cloak
rCorr   +            (no gloves)
SInv    .            (no barding)
Will    +....        k - amulet of reflection
Stlth   x              - ring of protection from fire
HPRegen 0.32/turn    D - +6 ring of intelligence
MPRegen 0.13/turn

%: reflection, roll
@: mighty, divinely shielded, glowing, studying Shields
A: large, deformed body, tough skin 3, armoured tail, roll 2
a: Renounce Religion, Divine Shield, Cleansing Flame


You were on level 9 of the Dungeon.
You worshipped the Shining One.
The Shining One was most pleased with you.
You visited 2 branches of the dungeon, and saw 10 of its levels.
You also visited: Sewer.

You collected 383 gold pieces.

Inventory:

Hand Weapons
 n - the +2 mace of Excruciating Pain (weapon) {flame, Will+ Str+2 Int+3}
   (You found it on level 2 of the Dungeon)

   Str+2:     It affects your strength (+2).
   Int+3:     It affects your intelligence (+3).
   Will+:     It increases your willpower.
Missiles
 y - 2 throwing nets
Armour
 c - a +0 buckler (worn)
 e - a +0 cloak (worn)
 v - a +0 helmet (worn)
 C - the +4 chain mail of the Transmuting Gods (worn) {^Contam rCorr Str+4 Int+10}
   (You found it on level 7 of the Dungeon)

   Str+4:     It affects your strength (+4).
   Int+10:    It affects your intelligence (+10).
   ^Contam:   It causes magical contamination when unequipped.
   rCorr:     It protects you from acid and corrosion.
Jewellery
 b - an amulet of guardian spirit
 k - an amulet of reflection (around neck)
 x - a ring of protection from fire (left hand)
 D - a +6 ring of intelligence (right hand)
Wands
 f - a wand of polymorph (10)
 h - a wand of iceblast (8)
 s - a wand of digging (7)
 w - a wand of flame (25)
Scrolls
 a - a scroll of enchant armour {unknown}
 i - a scroll of noise {unknown}
 j - a scroll of immolation
 p - a scroll of brand weapon {unknown}
 q - 2 scrolls of enchant weapon {unknown}
 r - 2 scrolls of teleportation {unknown}
 u - a scroll of revelation
 B - a scroll of summoning {unknown}
 E - a scroll of vulnerability {unknown}
Potions
 m - 4 potions of magic
 o - a potion of resistance {unknown}
 t - a potion of haste {unknown}
 z - 2 potions of enlightenment
 A - a potion of heal wounds {unknown}


   Skills:
 + Level 5.7 Fighting
 * Level 7.5 Maces & Flails
 + Level 7.6 Armour
 + Level 8.0 Shields
 + Level 4.8 Invocations


You had 8 spell levels left.
You didn't know any spells.
Your spell library contained the following spells:

 Spells                   Type           Power      Damage    Failure   Level
 Shock                    Conj/Air       0%         1d3       43%         1
 Swiftness                Air            0%         N/A       82%         3
 Airstrike                Air            0%         2d(0-16)  99%         4


Dungeon Overview and Level Annotations

Branches:
Dungeon (9/15)             Temple (1/1) D:5           Sewer (visited)
   Lair: D:8-11         Orc: D:9-12

Altars:
Cheibriados
Dithmenos
Fedhas
Gozag
Hepliaklqana
Makhleb
Nemelex Xobeh
Okawaru
Qazlal
Ru
Trog
Yredelemnul
Zin
The Shining One


Innate Abilities, Weirdness & Mutations

Armour fits poorly on your strangely shaped body.
You have extremely tough skin. (AC +3)
You have a long armoured tail.
You regenerate magic and health when rolling toward enemies. (Rampage Regen)


Message History

You feel better. You block the sun demon's attack.
The kobold demonologist looks braver for a moment.
The sun demon hits you!
* * * LOW HITPOINT WARNING * * *
You are engulfed in flames.
You resist.
* * * LOW HITPOINT WARNING * * *
You feel better.
The kobold demonologist looks satisfied for a moment.
You block the sun demon's attack.
Read: 2 scrolls of immolation
Press: ? - help, Q - select action, (/) - cycle Dir - look around, f - activate Look: a kobold demonologist, wielding a +0 dagger and wearing a +0 robe (haloed, susceptible)
As you read the scroll of immolation, it crumbles to dust.
The creatures around you are filled with an inner flame!
You block the sun demon's attack.
Read: scroll of poison
Press: ? - help, Q - select action, (/) - cycle Dir - look around, f - activate You can't see that place. [a rock wall.]
The air fills with toxic fumes!
As you read the scroll of poison, it crumbles to dust.
You block the sun demon's attack.
You hit the sun demon.
Flame seeps out of the sun demon.
The sun demon is heavily wounded.
The sun demon hits you.
* * * LOW HITPOINT WARNING * * *
You are engulfed in flames!
You resist.
* * * LOW HITPOINT WARNING * * *
The kobold demonologist begins to cast a cantrip, but forgets the words!
You thump the sun demon!
Flame seeps out of the sun demon.
The sun demon is severely wounded.
You block the sun demon's attack. x2
You barely miss the sun demon. You tail-slap the sun demon!!
The sun demon disappears in a puff of smoke!
The sun demon explodes!
The fiery explosion engulfs the kobold demonologist!!
Flame seeps out of the kobold demonologist.
The kobold demonologist is heavily wounded.
The fiery explosion engulfs you!! You resist.
You die...

...§............#
....K.§§§§§.....#
.......§§§......#
.......KK§........
......5KKK........
########g#########
#K# #°# ########@#
.§§§§§§§§########
.§§§§§§§§§.......
#########§§######
#§§# #§§#
#########§§#
.........§§#####
.................


You could see 2 kobold demonologists, 2 kobold brigands, a gnoll sergeant (inner
flame) and 2 kobolds.

Vanquished Creatures
  A hornet (D:7)
  A shadow (D:9)
  A water moccasin (D:8)
  A sky beast (D:6)
  A black bear (D:4)
  An orc warrior (D:9)
  2 centaurs
  2 phantoms
  4 bullfrogs
  2 brain worms (Sewer)
  4 scorpions
  8 wights (D:9)
  2 howler monkeys
  A bombardier beetle (D:2)
  2 hounds
  A jelly (D:6)
  4 orc priests
  2 sleepcaps (D:6)
  5 iguanas
  3 orc wizards
  11 adders
  10 gnolls
  8 river rats
  A shadow imp (D:6)
  A white imp (D:7)
  3 ufetubi
  5 dart slugs
  A ribbon worm (D:4)
  32 orcs
  7 endoplasms
  7 giant cockroaches
  8 hobgoblins
  3 jackals (D:4)
  7 quokkas
  10 ball pythons
  2 bats
  5 frilled lizards (Sewer)
  5 goblins
  3 kobolds
  12 rats
189 creatures vanquished.

Notes
Turn   | Place    | Note
-------+----------+-------------------------------------------
     0 | D:1      | Kaboulah the Armataur Fighter began the quest for the Orb.
     0 | D:1      | Reached XP level 1. HP: 18/18 MP: 1/1
   133 | D:1      | Reached XP level 2. HP: 25/25 MP: 2/2
   715 | D:2      | Reached XP level 3. HP: 31/31 MP: 3/3
   767 | D:2      | Identified the +2 mace of Excruciating Pain {flame, Will+
                  | Str+2 Int+3}
   894 | D:2      | Reached XP level 4. HP: 38/38 MP: 4/4
  1433 | D:3      | Found a faded altar of an unknown god.
  1462 | D:3      | Prayed at the altar of an unknown god.
  1462 | D:3      | Became a worshipper of the Shining One
  1462 | D:3      | Reached * piety under the Shining One
  1527 | D:3      | Found a stormy altar of Qazlal.
  1536 | D:3      | Reached skill level 4 in Shields
  1695 | D:3      | Reached XP level 5. HP: 45/45 MP: 5/5
  1699 | D:3      | Found a glowing drain.
  1710 | Sewer    | Entered a sewer
  1827 | Sewer    | Reached skill level 1 in Invocations
  1855 | Sewer    | Reached XP level 6. HP: 33/51 MP: 4/6
  1953 | Sewer    | Reached skill level 5 in Armour
  2364 | D:4      | Reached ** piety under the Shining One
  2650 | D:4      | Gained mutation: You regenerate magic and health when
                  | rolling toward enemies. (Rampage Regen) [Armataur growth]
  2650 | D:4      | Reached XP level 7. HP: 58/58 MP: 8/8
  2828 | D:4      | Reached skill level 5 in Shields
  3100 | D:5      | Entered Level 5 of the Dungeon
  3202 | D:5      | Found a staircase to the Ecumenical Temple.
  3211 | Temple   | Entered the Ecumenical Temple
  3373 | D:5      | Found an opulent altar of Gozag.
  3477 | D:5      | Reached skill level 5 in Maces & Flails
  3969 | D:6      | Reached XP level 8. HP: 67/67 MP: 10/10
  4071 | D:6      | Found a glowing silver altar of Zin.
  4071 | D:6      | Found a sparkling altar of Nemelex Xobeh.
  4376 | D:6      | Reached skill level 6 in Shields
  4719 | D:6      | Found a shadowy altar of Dithmenos.
  4723 | D:6      | Reached *** piety under the Shining One
  5041 | D:7      | Found a blossoming altar of Fedhas.
  5159 | D:7      | Found a burning altar of Makhleb.
  5172 | D:7      | Noticed a hornet
  5178 | D:7      | Paralysed by a hornet for 2 turns
  5185 | D:7      | Killed a hornet
  5186 | D:7      | Reached skill level 5 in Fighting
  5331 | D:7      | Reached XP level 9. HP: 45/74 MP: 12/12
  5342 | D:7      | Reached skill level 7 in Shields
  5443 | D:7      | Identified the +4 chain mail of the Transmuting Gods
                  | {^Contam rCorr Str+4 Int+10}
  6063 | D:9      | Reached skill level 8 in Shields
  6080 | D:9      | Noticed a kobold demonologist
  6080 | D:9      | Reached **** piety under the Shining One
  6083 | D:9      | Noticed a kobold demonologist
  6085 | D:9      | Noticed a sixfirhy
  6094 | D:9      | Noticed a sun demon
  6107 | D:9      | Killed by an exploding sun demon... ignited by their inner
                  | flame

Illustrated notes

Levels and vault maps discovered:
D:1:      dpeg_arrival_pond, layout_loops_ring, corexii_item_surrounded_by_moat
D:2:      layout_rooms, serial_rivers, chequers_serial_rivers_micro_c,
          chequers_serial_rivers_room_b, chequers_serial_rivers_micro_b,
          chequers_serial_rivers_large_b, chequers_serial_rivers_micro_b
D:3:      layout_rooms, mainiacjoe_overflow_cross_hatched,
          gup_sewer_entry_bubbles, hellmonk_ecumenical_altar_pennies_from_heaven
D:4:      layout_basic
D:5:      layout_basic, nicolae_gozag_cash_rules_everything_around_me,
          minmay_temple_entry_trees
D:6:      layout_loops_ring, grunt_dithmenos_shadows, jmf_multi_god_temple,
          nicolae_sextant, minmay_manual_monstrance
D:7:      layout_cave_pools, lemuel_round_altar, mainiacjoe_overflow_catwalk,
          lightli_orcish_oven
D:8:      layout_basic, nicolae_uskayaw_murder_on_the_dancefloor,
          lemuel_crystal_altar, xom_butterflies, uniq_psyche
D:9:      minmay_the_grid_triangle_9x9_rhombus_thin
          [minmay_the_grid_triangle_9x9_swiss_cheese,
          minmay_the_grid_triangle_9x9_prize_top_heavy,
          minmay_the_grid_triangle_9x9_skeleton,
          minmay_the_grid_triangle_9x9_minimal], layout_long_grid,
          nicolae_wu_jian_glorious_leap, old_standard_altar
Temple:   nicolae_temple_ecumenical_triangle

Skill      XL: |  1  2  3  4  5  6  7  8  9 |
---------------+----------------------------+-----
Maces & Flails | 2 3 4 5 6 7 |  7.5
Fighting       | 3 4 5 |  5.7
Armour         | 4 5 6 7 |  7.6
Shields        | 4 5 6 8 |  8.0
Invocations    | 1 2 4 |  4.8

Action                     |  1- 3 |  4- 6 |  7- 9 || total
---------------------------+-------+-------+-------++-------
  Melee: Flail             |    76 |       |       ||    76
         Tailslap          |     9 |    22 |    48 ||    79
         Mace              |    19 |   123 |   261 ||   403
 Invoke: Divine Shield     |       |       |     2 ||     2
         Cleansing Flame   |       |       |     2 ||     2
  Evoke: Wand              |       |       |     2 ||     2
    Use: Scroll            |       |     1 |     8 ||     9
         Potion            |       |       |     4 ||     4
 Armour: Scale mail        |    26 |       |       ||    26
         Plate armour      |    58 |    63 |   103 ||   224
         Chain mail        |       |       |    64 ||    64
  Dodge: Dodged            |    19 |    12 |    49 ||    80
  Block: Buckler           |    18 |    38 |   122 ||   178
         Reflection        |     1 |     1 |     2 ||     4
